AoeStats
← Ibrahomovic

Nomad

509160028Analyzed
3v3 RM · 7d ago on Sep 25, 2026· 40m 18s· 6 players
Game mode
Random Map
Map size
210×210
Population
200
Speed
Normal
Resources
Standard
Victory
Conquest
Starting age
Dark Age
Ending age
Imperial Age
RankedLock teamsTeams togetherTeam positionsShared explorationLock speedFull tech treeHidden civsTurbo modeCheats
Victory
Defeat
🇨🇦 Spanish · Canada
1430
+11
🇮🇹 Teutons · Italy
1402
+12
🇧🇷 Japanese · Brazil
1389
+13
🇸🇪 Vietnamese · Sweden
1349
-13
🇸🇪 Varangians · Sweden
1311
-12
🇸🇪 Saracens · Sweden
1284
-11
Im2Good4YoMoma
4:05 Loom
12:28 Feudal Age
16:12 Castle Age
16:34 Town Watch
17:16 Gold Mining
18:07 Padded Archer Armor
18:29 Double-Bit Axe
25:48 Horse Collar
28:30 Wheelbarrow
30:35 Hand Cart
GAX | toooasty
3:51 Loom
14:09 Feudal Age
15:11 Double-Bit Axe
19:07 Castle Age
17:02 Gold Mining
18:26 Forging
19:11 Fishing Lines
20:15 Medium Warships
22:01 Bow Saw
21:49 Town Watch
22:40 Wheelbarrow
24:18 Iron Casting
23:49 Gillnets
24:58 Scale Mail Armor
28:46 Chain Mail Armor
33:02 Arson
33:17 Squires
35:19 Horse Collar
39:09 Imperial Age
38:34 Hand Cart
38:19 Town Patrol
39:12 Guard Tower
40:36 Conscription
40:39 Stone Mining
41:25 Gold Shaft Mining
40:53 Heavy Plow
GdR_Salinaro
4:53 Loom
13:07 Feudal Age
13:43 Double-Bit Axe
18:13 Fishing Lines
20:47 Castle Age
19:04 Horse Collar
22:25 Bow Saw
23:42 Stone Mining
24:09 Fletching
24:54 Bodkin Arrow
26:00 Gillnets
27:40 Wheelbarrow
26:51 Town Watch
29:46 Heavy Plow
30:31 Scale Barding Armor
31:24 Forging
32:26 Bloodlines
32:39 Chain Barding Armor
33:29 Iron Casting
35:08 Hand Cart
34:54 Town Patrol
35:24 Gold Mining
36:10 Stone Shaft Mining
39:29 Imperial Age
39:37 Cavalier
40:53 Plate Barding Armor
41:19 Blast Furnace
Ibrahomovic
11:09 Loom
13:33 Feudal Age
14:15 Double-Bit Axe
17:19 Castle Age
17:09 Gold Mining
18:00 Scale Barding Armor
18:17 Bow Saw
18:25 Forging
22:17 Husbandry
26:56 Horse Collar
31:06 Fletching
36:41 Wheelbarrow
37:05 Heavy Plow
KiazTV
15:20 Feudal Age
14:39 Loom
19:09 Castle Age
17:20 Stone Mining
20:48 Fletching
20:51 Town Watch
21:51 Bodkin Arrow
22:23 Gold Mining
27:40 Padded Archer Armor
36:11 Wheelbarrow
39:13 Leather Archer Armor
Mädi
12:10 Loom
14:17 Feudal Age
15:23 Double-Bit Axe
18:44 Castle Age
17:19 Gold Mining
19:42 Bow Saw
20:53 Stone Mining
22:51 Fletching
25:00 Demolition Ship
35:11 Medium Warships
38:59 Crossbowman
Connection lost

Rejoining the realm…

Still unreachable

The connection could not be restored.

Session expired

The server has moved on; the page needs a fresh start.